 Dungeon Crawl Stone Soup version 0.27-a0-1557-g57f10a385c (webtiles) character file.

Game seed: 5488340092154261753

58 Sin92 the Shield-Bearer (level 3, -4/33 HPs)
             Began as a Minotaur Fighter on July 15, 2021.
             Slain by Natasha (7 damage)
             ... on level 2 of the Dungeon.
             The game lasted 00:00:47 (879 turns).

Sin92 the Shield-Bearer (Minotaur Fighter)           Turns: 879, Time: 00:00:48

Health: -4/33      AC:  7    Str: 21    XL:     3   Next: 76%
Magic:  2/2        EV:  8    Int:  5    God:
Gold:   54         SH:  9    Dex:  9    Spells: 2/2 levels left

rFire    . . .     SeeInvis .   a - +0 war axe
rCold    . . .     Faith    .   c - +0 kite shield
rNeg     . . .     Spirit   .   b - +0 scale mail
rPois    .         Reflect  .   (helmet restricted)
rElec    .         Harm     .   (no cloak)
rCorr    .         Rampage  .   (no gloves)
Will     .....                  (no boots)
Stlth    ..........             (no amulet)
HPRegen  0.11/turn              (no ring)
MPRegen  0.08/turn              (no ring)

@: no status effects
A: horns 2, retaliatory headbutt
a: no special abilities


You were on level 2 of the Dungeon.
You visited 1 branch of the dungeon, and saw 2 of its levels.

You collected 54 gold pieces.

Inventory:

Hand Weapons
 a - a +0 war axe (weapon)
Armour
 b - a +0 scale mail (worn)
 c - a +0 kite shield (worn)
Scrolls
 e - 2 scrolls of noise {unknown}
 f - a scroll of enchant weapon {unknown}
 h - a scroll of brand weapon {unknown}
 i - a scroll of vulnerability {unknown}
 j - a scroll of identify {unknown}
Potions
 d - a potion of might
 g - 2 potions of curing {unknown}
 k - 2 potions of attraction {unknown}
 l - 2 potions of brilliance {unknown}


   Skills:
 + Level 4.1 Fighting
 + Level 3.1 Axes
 + Level 4.1 Armour
 + Level 1.4 Dodging
 + Level 4.1 Shields


You had 2 spell levels left.
You didn't know any spells.
Your spell library was empty.

Dungeon Overview and Level Annotations

Branches:
Dungeon (2/15)

Altars:

Annotations:
D:2 Natasha


Innate Abilities, Weirdness & Mutations

You have a pair of horns on your head.
You reflexively headbutt those who attack you in melee.


Message History

You headbutt the kobold.
You kill the kobold!
Natasha is nearby!
You are too injured to fight recklessly!
Unknown command.
Unknown command.
Natasha is nearby!
You are too injured to fight recklessly!
Unknown command.
Natasha is nearby!
You are too injured to fight recklessly!
Natasha is nearby!
You are too injured to fight recklessly!
Unknown command.
You are too injured to fight recklessly!
You closely miss Natasha.
Natasha is lightly wounded.
You block Natasha's attack. Natasha claws you but does no damage.
Natasha mumbles some strange words.
You feel disoriented. You block Natasha's attack.
You closely miss Natasha.
Natasha is lightly wounded.
Natasha stares at you and mumbles some strange words.
The magic dart hits you!
* * * LOW HITPOINT WARNING * * *
You block Natasha's attack.
Your shield and scale mail prevent you from hitting Natasha.
Your headbutt misses Natasha.
Natasha is lightly wounded.
Natasha claws you.
* * * LOW HITPOINT WARNING * * *
You block Natasha's attack.
You slash Natasha!
Natasha is almost dead.
You feel yourself speed up.
Natasha mumbles some strange words.
You feel disoriented. Natasha claws you but does no damage. Natasha claws you!
You die...

#.......... #..........
####..........
#....#........
#######....#....<...
......[....'........
#......[.#........
#........#)....... .
#........#@....... ..
#....###.#h.......
..#+###.(..###.#........
...)...........#........
...............#........
##.......^.....#........
...............#########
.......>######.#
........# .#


You could see Natasha.

Vanquished Creatures
  A worm (D:2)
  6 dart slugs
  3 ball pythons (D:1)
  3 bats (D:1)
  3 endoplasms
  A giant cockroach (D:1)
  4 goblins (D:1)
  5 hobgoblins (D:1)
  4 jackals (D:1)
  2 quokkas (D:1)
  A frilled lizard (D:1)
  2 kobolds
  3 rats (D:1)
38 creatures vanquished.

Notes
Turn   | Place    | Note
-------+----------+-------------------------------------------
     0 | D:1      | Sin92 the Minotaur Fighter began the quest for the Orb.
     0 | D:1      | Reached XP level 1. HP: 19/19 MP: 0/0
   163 | D:1      | Reached XP level 2. HP: 27/27 MP: 1/1
   407 | D:1      | Reached skill level 1 in Dodging
   489 | D:1      | Reached XP level 3. HP: 32/33 MP: 2/2
   867 | D:2      | Noticed Natasha
   879 | D:2      | Slain by Natasha

Illustrated notes

Levels and vault maps discovered:
D:1:      ncdulo_lavacross, layout_rooms, minmay_quantized
D:2:      layout_basic, shapermc_ecumenical_altar_ellora, uniq_natasha

Skill      XL: |  1  2  3 |
---------------+----------+-----
Dodging        | 1 |  1.4
Shields        | 4 |  4.1
Armour         | 4 |  4.1
Fighting       | 4 |  4.1
Axes           | 3 |  3.1

Action                   || total
-------------------------++-------
Melee: War axe           ||    93
       Headbutt          ||    11
Armor: Scale mail        ||    46
Dodge: Dodged            ||    32
Block: Kite shield       ||    45

Table legend: (Time is in decaauts)
 A = Elapsed time spent in this place.
 B = Non-inter-level travel time spent in this place.
 C = Inter-level travel time spent in this place.
 D = Time resting spent in this place.
 E = Time spent auto-exploring this place.
 F = Levels seen in this place.
 G = Mean time per level.
                   A        B        C        D        E       F      G
               +--------+--------+--------+--------+--------+-----+--------+
         Total |    937 |    927 |     10 |      0 |    702 |   2 |  468.5 |
       Dungeon |    937 |    927 |     10 |      0 |    702 |   2 |  468.5 |
               +--------+--------+--------+--------+--------+-----+--------+

Top non-repeatable levels by time:
     D:1: 808 daAuts
     D:2: 129 daAuts
